 Dungeon Crawl Stone Soup version 0.17-a0-1262-gd250d98 (webtiles) character file.

57 patman the Twirler (level 3, -1/27 HPs)
             Began as a Mummy Gladiator on June 6, 2015.
             Was an Initiate of Makhleb.
             Slain by Natasha (3 damage)
             ... on level 3 of the Dungeon.
             The game lasted 00:04:55 (2071 turns).

patman the Twirler (Mummy Gladiator)                Turns: 2071, Time: 00:04:55

Health: -1/27      AC: 10    Str: 18    XL:     3   Next: 73%
Magic:  0/3        EV:  7    Int:  7    God:    Makhleb [......]
Gold:   75         SH:  0    Dex: 13    Spells: 0 memorised, 2 levels left

rFire  x . .     SeeInvis .     a - +0 quarterstaff
rCold  + . .     Clarity  .     e - +0 chain mail
rNeg   + + +     SustAt   +     (no shield)
rPois  ∞         Gourm    .     c - +0 helmet
rElec  .         Spirit   +     (no cloak)
rCorr  .         Warding  .     (no gloves)
rMut   .         Stasis   .     j - +0 pair of boots
MR     .....                    f - amulet of guardian spirit
Stlth  ..........               (no ring)
                                h - ring of sustain attributes

@: slowed, very slow, not resistant to hostile enchantments, extremely
unstealthy
A: no food or potions, fire vulnerability, cold resistance 1, negative energy
resistance 3, torment resistance, unbreathing
a: Renounce Religion


You were on level 3 of the Dungeon.
You worshipped Makhleb.
Makhleb was noncommittal.
You were not hungry.

You visited 1 branch of the dungeon, and saw 3 of its levels.

You collected 75 gold pieces.

Inventory:

Hand weapons
 a - a +0 quarterstaff (weapon)
Missiles
 d - 3 throwing nets (quivered)
 n - 4 tomahawks of returning
 o - 7 curare-tipped needles
Armour
 b - a +0 leather armour
 c - a +0 helmet (worn)
 e - a +0 chain mail (worn)
 j - a +0 pair of boots (worn)
Magical staves
 r - an uncursed staff of cold
Jewellery
 f - an amulet of guardian spirit (around neck)
 h - a ring of sustain attributes (left hand)
 l - an uncursed amulet of inaccuracy
Scrolls
 g - 2 scrolls of remove curse
 i - a scroll of teleportation {unknown}
 k - a scroll of recharging {unknown}
 m - a scroll of identify {unknown}
 p - a scroll of noise {unknown}
 s - a scroll of amnesia {unknown}
Books
 q - a book of Frost

   Spells                             Type                      Level
   a - Freeze                         Ice                          1
   b - Throw Frost                    Conjuration/Ice              2
   c - Ozocubu's Armour               Charms/Ice                   3
   d - Throw Icicle                   Conjuration/Ice              4
   e - Summon Ice Beast               Ice/Summoning                4
   f - Condensation Shield            Ice                          4


   Skills:
 - Level 2.0 Fighting
 + Level 3.9 Staves
 - Level 1.5 Throwing
 - Level 2.4 Dodging


You had 2 spell levels left.
You didn't know any spells.

Dungeon Overview and Level Annotations

Branches:
Dungeon (3/15)

Altars:
Ashenzari
Elyvilon
Makhleb
Yredelemnul

Annotations:
D:3 1 runed door, Natasha


Innate Abilities, Weirdness & Mutations

You do not eat or drink.
Your flesh is vulnerable to fire.
You are immune to poison.
Your flesh is cold resistant.
You are immune to negative energy.
You are immune to unholy pain and torment.
You can survive without breathing.


Message History

* * * LOW HITPOINT WARNING * * *
Natasha claws you but does no damage.
You barely miss Natasha.
Natasha is moderately wounded.
Natasha claws you.
* * * LOW HITPOINT WARNING * * *
Natasha claws you but does no damage.
You closely miss Natasha.
Natasha is moderately wounded.
Natasha stares next to you and mumbles some strange words.
A cloud of flames roars to life!
You sock Natasha!
Natasha is almost dead.
Natasha claws you but does no damage. Natasha completely misses you.
You hit Natasha but do no damage.
Natasha is almost dead.
Natasha claws you.
* * * LOW HITPOINT WARNING * * *
Natasha claws you.
You die...

#.##.######...###
#.##.# #...###+ #.##.#
#...#A.. #.##.#
#.#.####
#..#.#####.#..###
##.#...†...##..##
###########..#
#.##################.†
#...h@§...............
######################


You could see Natasha.

Vanquished Creatures
  2 adders (D:2)
  An ooze (D:1)
  A worm (D:3)
  An orc (D:3)
  3 hobgoblins
  5 jackals
  3 kobolds
  2 quokkas (D:2)
  A ball python (D:1)
  2 bats (D:1)
  2 giant cockroaches (D:1)
  3 giant newts
  2 goblins (D:1)
  3 rats
31 creatures vanquished.

Notes
Turn   | Place    | Note
--------------------------------------------------------------
     0 | D:1      | patman the Mummy Gladiator began the quest for the Orb.
     0 | D:1      | Reached XP level 1. HP: 16/16 MP: 1/1
   354 | D:1      | Reached XP level 2. HP: 19/22 MP: 2/2
   385 | D:1      | Reached skill level 3 in Staves
   843 | D:2      | Found a burning altar of Makhleb.
   845 | D:2      | Noticed an Executioner
   850 | D:2      | Noticed a hellwing
   850 | D:2      | Noticed a smoke demon
   852 | D:2      | Became a worshipper of Makhleb the Destroyer
   979 | D:2      | Reached XP level 3. HP: 19/27 MP: 3/3
  1892 | D:2      | Found a basalt altar of Yredelemnul.
  1893 | D:2      | Found a shattered altar of Ashenzari.
  1893 | D:2      | Found a white marble altar of Elyvilon.
  1978 | D:3      | Found a white marble altar of Elyvilon.
  1978 | D:3      | Found a runed door.
  1978 | D:3      | Noticed an angel
  2049 | D:3      | Noticed Natasha
  2071 | D:3      | Slain by Natasha

Vault maps used:
D:1:      lightli_arrival_noodles, minmay_misc_feat_square, serial_bayou_pond_d
D:2:      makhleb_altar_promises_db, nicolae_overflow_hidden_temple
D:3:      lemuel_angel_altar, uniq_natasha

Action                   || total
-------------------------++-------
Melee: Quarterstaff      ||   151
  Use: Scroll            ||     1
